 Dungeon Crawl Stone Soup version 0.30-a0-1161-g0704695555 (webtiles) character file.

Game seed: 14209857359780557736

42150 mandoloar the Martial Artist (level 14, 0/118 HPs)
             Began as an Octopode Transmuter on Apr 27, 2023.
             Was the Champion of Cheibriados.
             Slain by a yak (2 damage)
             ... on level 4 of the Lair of Beasts.
             The game lasted 01:05:52 (23982 turns).

mandoloar the Martial Artist (Octopode Transmuter) Turns: 23982, Time: 01:05:52

Health: 0/118      AC: 12    Str: 30    XL:     14   Next: 18%
Magic:  22/26      EV: 20    Int: 34    God:    Cheibriados [******]
Gold:   396        SH:  0    Dex: 31    Spells: 23/29 levels left

rFire   . . .        a - melded +2 triple crossbow (flame)
rCold   + + +        (shield currently unavailable)
rNeg    + . .        j - melded +2 hat
rPois   +            M - amulet of the Four Winds {rN+ Will+++ Clar}
rElec   +            t - +6 ring of strength
rCorr   +            C - ring of flight
SInv    +            c - ring of Ascent {rElec rF+ Dex+2 SInv}
Will    ++++.        N - ring of resist corrosion
Stlth   +++++        (no ring)
HPRegen 0.39/turn    (no ring)
MPRegen 0.20/turn    (no ring)
                     (no ring)

%: clarity
@: ice-form, flying, very slow
A: freezing attack, boosted hp, almost no armour, amphibious, 8 rings, large,
(camouflage 1), (gelatinous body 1), (nimble swimmer 1), (tentacles), (antennae
1)
a: End Transformation, Renounce Religion, Bend Time, Temporal Distortion,
Slouch, Step From Time


You were on level 4 of the Lair of Beasts.
You worshipped Cheibriados.
Cheibriados was exalted by your worship.
You were a creature of crystalline ice.
You visited 3 branches of the dungeon, and saw 16 of its levels.
You also visited: Ossuary, Bailey and Gauntlet.

You collected 1170 gold pieces.
You spent 774 gold pieces at shops.

Inventory:

Hand Weapons
 a - a +2 triple crossbow of flaming (melded)
Missiles
 g - 2 boomerangs of dispersal
 l - 5 boomerangs
 G - 10 silver javelins
Armour
 j - a +2 hat (melded)
Jewellery
 b - an amulet of the acrobat
 c - the ring of Ascent (on tentacle) {rElec rF+ Dex+2 SInv}
   (You bought it in a shop on level 4 of the Dungeon)

   [ring of protection from fire]

   Dex:       It affects your dexterity (+2).
   rF:        It protects you from fire.
   rElec:     It insulates you from electricity.
   SInv:      It lets you see invisible.
 t - a +6 ring of strength (left front paw)
 C - a ring of flight (right front paw)
 E - an amulet of reflection
 M - the amulet of the Four Winds (around neck) {rN+ Will+++ Clar}
   (You found it in a Gauntlet)

   [amulet of nothing]

   rN:        It protects you from negative energy.
   Clar:      It protects you from confusion, rage, mesmerisation and fear.
   Will:      It greatly increases your willpower.
 N - a ring of resist corrosion (on tentacle)
Wands
 s - a wand of mindburst (11)
 y - a wand of iceblast (20)
 F - a wand of flame (54)
 K - a wand of light (4)
 P - a wand of paralysis (16)
Scrolls
 h - 4 scrolls of magic mapping
 o - 7 scrolls of teleportation
 r - a scroll of blinking
 w - 6 scrolls of fog
 x - a scroll of immolation
 A - a scroll of fear
 J - a scroll of vulnerability
 Q - 2 scrolls of amnesia
Potions
 d - 2 potions of invisibility
 e - 3 potions of magic
 f - 4 potions of brilliance
 m - 6 potions of haste
 n - 3 potions of ambrosia
 p - a potion of cancellation
 q - 4 potions of curing
 u - 2 potions of flight
 v - 4 potions of attraction
 z - a potion of berserk rage {unknown}
 B - 4 potions of mutation
 H - a potion of heal wounds
 I - a potion of resistance {unknown}


   Skills:
 + Level 10.1 Fighting
 + Level 10.3 Dodging
 + Level 9.7 Stealth
 + Level 10.5 Unarmed Combat
 + Level 8.2 Spellcasting
 + Level 9.0 Transmutations
 + Level 7.6 Ice Magic
 + Level 7.6 Invocations


You had 23 spell levels left.
You knew the following spells:

 Your Spells              Type           Power      Damage    Failure   Level
b - Wereblood             Tmut           66%        N/A       1%          2
c - Ice Form              Ice/Tmut       63%        N/A       1%          4

Your spell library contained the following spells:

 Spells                   Type           Power      Damage    Failure   Level
 Beastly Appendage        Tmut           100%       N/A       1%          1
 Spider Form              Tmut/Pois      44%        N/A       1%          3
 Apportation              Tloc           28%        N/A       3%          1
 Summon Small Mammal      Summ           56%        N/A       3%          1
 Sublimation of Blood     Necr           14%        N/A       4%          2
 Call Canine Familiar     Summ           14%        N/A       10%         3
 Dazzling Flash           Conj/Hex       28%        N/A       10%         3
 Inner Flame              Hex/Fire       14%        N/A       10%         3
 Summon Guardian Golem    Hex/Summ       14%        N/A       10%         3
 Alistair's Intoxication  Tmut/Pois      29%        N/A       14%         5
 Yara's Violent Unravell  Hex/Tmut       22%        3d10      14%         5
 Agony                    Necr           14%        N/A       65%         5
 Silence                  Hex/Air        7%         N/A       65%         5
 Enfeeble                 Hex            7%         N/A       100%        7
 Summon Hydra             Summ           7%         N/A       100%        7


Dungeon Overview and Level Annotations

Branches:
Dungeon (10/15)            Temple (1/1) D:4            Lair (5/5) D:10
 Shoals (0/4) Lair:2        Snake (0/4) Lair:3        Slime (0/5) Lair:4
    Orc (0/2) D:9         Ossuary (visited)          Bailey (visited)
Gauntlet (visited)

Altars:
Ashenzari
Cheibriados
Dithmenos
Elyvilon
Fedhas
Gozag
Hepliaklqana
Kikubaaqudgha
Makhleb
Nemelex Xobeh
Okawaru
Qazlal
Ru
Sif Muna
Trog
Uskayaw
Vehumet
Wu Jian
Xom
Yredelemnul
Zin
The Shining One
Jiyva

Shops:
D:1 [   D:4 [?(=*   D:9 [


Innate Abilities, Weirdness & Mutations

You are a creature of crystalline ice.
You have a powerful freezing melee attack.
Your maximum health is increased.
Your armour is entirely melded.
You are incapable of wielding weapons or throwing items.
You cannot wear most types of armour.
You are amphibious.
You can wear up to eight rings at the same time.
((Your skin changes colour to match your surroundings (Stealth+).))
((Your rubbery body absorbs attacks. (AC +1, EV +1)))
((You are camouflaged when in or above water. (Stealth+)))
((You have tentacles for arms and can constrict up to eight enemies at once.))
((You have a pair of small antennae on your head.))


Message History

The catoblepas gores you!!
The yak is engulfed in calcifying dust.
You have turned to stone.
You are engulfed in calcifying dust.
The catoblepas breathes a plume of calcifying dust at you.
The blast of calcifying dust hits you!
You are engulfed in calcifying dust.
The catoblepas gores you!
You are engulfed in calcifying dust.
The catoblepas gores you!
The catoblepas breathes a plume of calcifying dust at you.
The blast of calcifying dust hits you!
You are engulfed in calcifying dust.
The catoblepas gores you!!
You are engulfed in calcifying dust.
The catoblepas gores you!
* * * LOW HITPOINT WARNING * * *
You are engulfed in calcifying dust.
The catoblepas gores you!!
* * * LOW HITPOINT WARNING * * *
The yak is no longer petrified.
The catoblepas gores you but does no damage.
The catoblepas gores you!!
* * * LOW HITPOINT WARNING * * *
The yak gores you but does no damage.
You turn to ice and can move again.
Activating: Slouch (6% risk of failure)
Press: ? - help, Dir - look around, f - activate You can feel time thicken for a moment.
The catoblepas gores you!
* * * LOW HITPOINT WARNING * * *
The yak closely misses you.
You feel much better. The catoblepas gores you!
* * * LOW HITPOINT WARNING * * *
The yak misses you. The catoblepas misses you. The yak gores you!
* * * LOW HITPOINT WARNING * * *
The catoblepas smashes its foot into the ground.
The catoblepas closely misses you. The yak completely misses you.
The catoblepas closely misses you. The catoblepas misses you.
The yak closely misses you.
You pummel the catoblepas!! You freeze the catoblepas!
The catoblepas is almost dead.
The catoblepas gores you!
* * * LOW HITPOINT WARNING * * *
The yak gores you.
You die...

### #.#######
########.#P##.##
#..............#
###.............##
#................#
.................####
...###..........Y...#
.##.##(........YY...#
.####..........>รท...#
## #....##..##..##.#
###.##........#.#
#..............#
##.......>.....#
#.#.#........### ###
#####........##


You could see a catoblepas and a yak.

Vanquished Creatures
  Gastronok (Lair:1)
  An orc warlord (Bailey)
  A cacodemon (Gauntlet)
  A minotaur (Gauntlet)
  Fannar (D:10)
  4 hydras
  A catoblepas (Lair:4)
  Erica (Lair:1)
  2 two-headed ogres
  6 death yaks (Lair:4)
  A soul eater (Gauntlet)
  3 harpies
  An ice statue (Gauntlet)
  Maurice (D:8)
  8 elephants
  A black mamba (Lair:1)
  An unseen horror (D:10)
  3 cane toads (Lair:4)
  3 rime drakes
  6 komodo dragons
  2 trolls (D:10)
  A polar bear (Lair:4)
  Prince Ribbit (D:9)
  11 blink frogs
  3 slime creatures (D:9)
  23 yaks
  2 vampires
  A wyvern (D:7)
  A steam dragon (D:8)
  4 vampire mosquitoes (D:10)
  3 nagas (Lair:3)
  14 water moccasins
  A black bear (D:7)
  10 orc warriors
  A sky beast (D:6)
  An ice beast (D:7)
  3 centaurs
  7 phantoms
  5 bullfrogs
  2 gnoll sergeants (D:9)
  6 scorpions
  8 wights
  6 killer bees (D:8)
  2 electric eels (Lair:2)
  3 howler monkeys (D:9)
  3 crimson imps (D:8)
  16 jellies
  A human zombie (Ossuary)
  7 orc priests
  9 hounds
  2 gnoll boudas (D:9)
  7 hell rats (Lair:2)
  8 orc wizards
  20 iguanas
  4 mummies (Ossuary)
  32 gnolls
  3 adders
  4 shadow imps
  3 white imps
  3 ufetubi
  3 dart slugs
  5 worms
  54 orcs
  3 ball pythons
  3 bats
  6 endoplasms
  A giant cockroach (D:3)
  3 gnoll zombies (Ossuary)
  18 hobgoblins
  14 jackals
  6 kobolds
  A quokka (D:5)
  15 frilled lizards
  19 goblins
  2 goblin zombies (Ossuary)
  2 hobgoblin zombies (Ossuary)
  3 rats
448 creatures vanquished.

Vanquished Creatures (others)
  An orc wizard (D:10)
  An orc (Bailey)
  A bush (Lair:4)
  28 fungi
  22 plants
53 creatures vanquished.

Grand Total: 501 creatures vanquished

Notes
Turn   | Place    | Note
-------+----------+-------------------------------------------
     0 | D:1      | mandoloar the Octopode Transmuter began the quest for the
                  | Orb.
     0 | D:1      | Reached XP level 1. HP: 13/13 MP: 3/3
   104 | D:1      | Reached XP level 2. HP: 18/18 MP: 3/5
   618 | D:1      | Found Hacod's Antique Armour Boutique.
  1362 | D:2      | Learned a level 2 spell: Wereblood
  1646 | D:2      | Reached XP level 3. HP: 20/24 MP: 4/6
  2169 | D:2      | Reached XP level 4. HP: 28/29 MP: 5/7
  2680 | D:3      | Found a faded altar of an unknown god.
  2973 | D:3      | Found a burning altar of Makhleb.
  2976 | D:3      | Found a shadowy altar of Dithmenos.
  2980 | D:3      | Found a bloodstained altar of Trog.
  3064 | D:3      | Found a shimmering blue altar of Sif Muna.
  3206 | D:4      | Noticed a scorpion
  3206 | D:4      | Found Usihakom's Magic Scroll Boutique.
  3223 | D:4      | Found an iron altar of Okawaru.
  3248 | D:4      | Identified the +0 falchion "Rounutus" {heavy, Str-4 Dex+4}
  3283 | D:4      | Killed a scorpion
  3284 | D:4      | Reached XP level 5. HP: 27/36 MP: 4/8
  3308 | D:4      | Learned a level 4 spell: Ice Form
  3321 | D:4      | Found Ihix Vish's Weapon Emporium.
  3321 | D:4      | Found Jobeize's Jewellery Emporium.
  3648 | D:4      | Found Giquqiom's General Store.
  3945 | D:4      | Found Pusseyda's Antique Armour Boutique.
  3950 | D:4      | Reached XP level 6. HP: 16/42 MP: 5/9
  4112 | D:4      | Found a staircase to the Ecumenical Temple.
  4210 | D:5      | Entered Level 5 of the Dungeon
  4373 | D:5      | Found a sand-covered staircase.
  4429 | D:5      | Reached skill level 5 in Unarmed Combat
  4431 | D:5      | Reached XP level 7. HP: 31/48 MP: 8/10
  4436 | Ossuary  | Entered an ossuary
  5573 | D:5      | Reached skill level 5 in Dodging
  6110 | D:5      | Reached skill level 5 in Fighting
  6110 | D:5      | Reached XP level 8. HP: 12/55 MP: 11/11
  7411 | D:6      | Reached skill level 1 in Ice Magic
  8014 | Temple   | Entered the Ecumenical Temple
  8104 | Temple   | Became a worshipper of Cheibriados the Contemplative
  9321 | D:6      | Reached XP level 9. HP: 62/62 MP: 8/13
  9424 | D:6      | Identified the +2 robe of Wonder {*Corrode rPois rF++ rN+}
  9915 | D:4      | Bought the ring of Ascent {rElec rF+ Dex+2 SInv} for 474
                  | gold pieces
 10017 | D:7      | Reached * piety under Cheibriados
 10250 | D:7      | Reached skill level 1 in Stealth
 10447 | D:7      | Found a glowing golden altar of the Shining One.
 10520 | D:7      | Reached skill level 1 in Invocations
 10697 | D:7      | Found Jeafet's Antique Armour Emporium.
 10800 | D:7      | Upgraded the game from 0.30-a0-1160-g6e42c06551 to
                  | 0.30-a0-1161-g0704695555
 10971 | D:8      | Found a flagged portal.
 10974 | D:8      | Noticed Maurice
 10993 | D:8      | Reached ** piety under Cheibriados
 11005 | D:8      | Killed Maurice
 11026 | Bailey   | Entered a bailey
 11349 | Bailey   | Reached XP level 10. HP: 66/69 MP: 14/16
 11481 | Bailey   | Noticed an orc warlord
 11496 | Bailey   | Killed an orc warlord
 12022 | D:8      | Reached *** piety under Cheibriados
 12149 | D:8      | Reached skill level 5 in Transmutations
 12278 | D:8      | Noticed a two-headed ogre
 12288 | D:8      | Killed a two-headed ogre
 12391 | D:8      | Found a hide-covered altar of Uskayaw.
 12530 | D:8      | Identified the +4 ring mail of the Shining One {rElec
                  | Slay+3}
 12814 | D:8      | Found a shimmering altar of Xom.
 12900 | D:8      | Reached XP level 11. HP: 77/77 MP: 17/20
 13038 | D:9      | Reached skill level 5 in Stealth
 13043 | D:9      | Reached **** piety under Cheibriados
 13651 | D:9      | Noticed Prince Ribbit
 13657 | D:9      | Killed Prince Ribbit
 13800 | D:9      | Reached ***** piety under Cheibriados
 13989 | D:9      | Found a staircase to the Orcish Mines.
 14043 | D:9      | Reached XP level 12. HP: 54/84 MP: 21/21
 14686 | D:9      | Found Uginaes's Armour Shoppe.
 15029 | D:10     | Entered Level 10 of the Dungeon
 15190 | D:4      | Bought an amulet of reflection for 300 gold pieces
 15427 | D:10     | Reached skill level 5 in Ice Magic
 15478 | D:10     | Noticed Fannar
 15497 | D:10     | Killed Fannar
 16002 | D:10     | Found a blossoming altar of Fedhas.
 16019 | D:10     | Found a sacrificial altar of Ru.
 16024 | D:10     | Found a basalt altar of Yredelemnul.
 16029 | D:10     | Found a hazy altar of Hepliaklqana.
 16285 | D:10     | Found a staircase to the Lair.
 16352 | D:10     | Found a glowing silver altar of Zin.
 16381 | D:10     | Noticed a two-headed ogre
 16382 | D:10     | Killed a two-headed ogre
 16383 | D:10     | Reached skill level 5 in Invocations
 16429 | D:10     | Found a sparkling altar of Nemelex Xobeh.
 16439 | D:10     | Found a radiant altar of Vehumet.
 16462 | D:10     | Found an opulent altar of Gozag.
 16598 | Lair:1   | Entered Level 1 of the Lair of Beasts
 16697 | Lair:1   | Found a gate leading to a gauntlet.
 16706 | Gauntlet | Entered a Gauntlet
 16706 | Gauntlet | Noticed a soul eater
 16706 | Gauntlet | Found a transporter.
 16706 | Gauntlet | Found a transporter.
 16706 | Gauntlet | Found a transporter.
 16730 | Gauntlet | Found a transporter.
 16742 | Gauntlet | Found a transporter.
 16743 | Gauntlet | Found a transporter.
 16756 | Gauntlet | Found a transporter.
 16771 | Gauntlet | Noticed a cacodemon
 16772 | Gauntlet | Found a transporter.
 16790 | Gauntlet | Found a transporter.
 16791 | Gauntlet | Found a transporter.
 16798 | Gauntlet | Found a transporter.
 16802 | Gauntlet | Found a transporter.
 16802 | Gauntlet | Found the amulet of the Four Winds {rN+ Will+++ Clar}
 16918 | Gauntlet | Killed a soul eater
 17068 | Gauntlet | Gained mutation: You do not regenerate when monsters are
                  | visible. [a cacodemon]
 17074 | Gauntlet | Killed a cacodemon
 17233 | Gauntlet | Lost mutation: You do not regenerate when monsters are
                  | visible. [potion of mutation]
 17233 | Gauntlet | Gained mutation: You have a pair of small antennae on your
                  | head. [potion of mutation]
 17343 | Gauntlet | Identified the +5 dire flail "Goqieg" {pain, rF+ rC+ Int+3}
 17343 | Gauntlet | Noticed a minotaur
 17356 | Gauntlet | Killed a minotaur
 17608 | Gauntlet | Identified the +0 ring mail of Cloud Cover {rPois Stlth+}
 17808 | Lair:1   | Noticed Gastronok
 17823 | Lair:1   | Reached XP level 13. HP: 90/90 MP: 17/23
 17834 | Lair:1   | Killed Gastronok
 17916 | Lair:1   | Noticed Erica
 17919 | Lair:1   | Killed Erica
 18258 | Lair:1   | Reached ****** piety under Cheibriados
 18470 | Lair:1   | Identified the +9 spear "Larhurcha" {flame, rPois rF+ rC+}
 18835 | Lair:2   | Found a staircase to the Shoals.
 20146 | Lair:3   | Reached skill level 10 in Unarmed Combat
 20414 | Lair:3   | Found a staircase to the Snake Pit.
 21408 | Lair:4   | Reached skill level 10 in Dodging
 21570 | Lair:4   | Found a staircase to the Slime Pits.
 21571 | Lair:4   | Found a viscous altar of Jiyva.
 22426 | Lair:4   | HP: 5/110 [death yak (10)]
 22684 | Lair:4   | Identified the +1 leather armour "Ikhyanob" {Rampage rCorr
                  | Dex+2}
 23244 | Lair:4   | Reached XP level 14. HP: 74/98 MP: 24/26
 23534 | Lair:5   | Entered Level 5 of the Lair of Beasts
 23581 | Lair:5   | Reached skill level 10 in Fighting
 23982 | Lair:4   | HP: 2/118 [catoblepas (12)]
 23982 | Lair:4   | Slain by a yak

Illustrated notes

Levels and vault maps discovered:
D:1:      dpeg_arrival_solitude, layout_basic, serial_shops, shop,
          roderic_lattice_a, kennysheep_flooded_box, st_stairs_2
D:2:      layout_loops_cross, kennysheep_generic_room_16
D:3:      layout_rooms, lemuel_blue_sif_altar, grunt_temple_overflow_diamond,
          shapermc_ecumenical_altar_mp_vishouse
D:4:      layout_rooms, okawaru_ov_weapons_minmay,
          minmay_temple_entry_from_below_a, serial_shops, nicolae_shop_crystal,
          nicolae_stop_n_shop_2, nicolae_shop_pleasant_corner_grove,
          nicolae_shop_tiny_statue_garden, shop, hangedman_decor_opposing,
          chequers_serial_rivers_marsh
D:5:      minmay_diamond_boxcup, layout_loops_ring, enter_ossuary_1,
          sigmund_army
D:6:      layout_basic
D:7:      layout_rooms, mainiacjoe_overflow_alcove_1, serial_shops, shop
D:8:      layout_basic, led_xom_imps, nicolae_uskayaw_dance_hall,
          enter_bailey_5, uniq_maurice
D:9:      layout_cave_pools, hiddenorc1_lemuel, serial_gnoll_camp,
          gnoll_camp_mini_sergeant, gnoll_camp_mini_shop, gnoll_camp_medium_02,
          gnoll_camp_mini_doghouse, patterned_corridor, uniq_prince_ribbit1
D:10:     layout_basic, fedhas_altar_1, lemuel_round_altar,
          nemelex_diamond_rough_becter, zin_treasury,
          minmay_overflow_temple_star_quad, fiery_altar_vehumet,
          lair_entry_dummy, uniq_fannar
Temple:   nicolae_temple_bog_church
Lair:1:   lemuel_reptile_caves, layout_gridlike, gauntlet_entry_generic,
          grunt_megastairs_2, infiniplex_staircase_pool_2, lemuel_fruit_tree,
          uniq_erica, uniq_gastronok
Lair:2:   layout_cellular_growth, nicolae_shoals_entry_roost,
          serial_bayou_lagoon_a, lemuel_fruit_fields, grunt_megastairs_3
Lair:3:   layout_loops_ring, minmay_snake_entry_guardpost_small
Lair:4:   layout_roguey, minmay_slime_entry_jelly_boxes, st_stairs_5,
          infiniplex_staircase_pool
Lair:5:   grunt_lair_end_beastmaster, layout_loops_ring, gammafunk_ghost_grave,
          roderic_batcave

Skill      XL: |  1  2  3  4  5  6  7  8  9 10 11 12 13 14 |
---------------+-------------------------------------------+-----
Fighting       | 2 3 4 5 6 8 9 10 | 10.1
Dodging        | 3 4 5 6 8 9 10 | 10.3
Unarmed Combat | 4 5 6 7 8 9 10 | 10.5
Ice Magic      | 2 3 4 6 7 |  7.6
Transmutations | 3 4 6 7 8 9 |  9.0
Spellcasting   | 3 4 6 7 8 |  8.2
Stealth        | 3 4 5 7 9 |  9.7
Invocations    | 2 3 4 6 7 |  7.6

Action                     |  1- 3 |  4- 6 |  7- 9 | 10-12 | 13-15 || total
---------------------------+-------+-------+-------+-------+-------++-------
  Melee: Unarmed           |    20 |    18 |   193 |   312 |   231 ||   774
         Constrict         |    22 |    19 |    43 |       |       ||    84
         Kick              |    23 |    30 |    56 |     2 |       ||   111
         Tentacles         |    11 |    17 |    45 |     3 |       ||    76
         Dagger            |    56 |    57 |    77 |       |       ||   190
         Punch             |     2 |     4 |    10 |     1 |       ||    17
         Short sword       |       |       |    41 |       |       ||    41
   Fire: Triple crossbow   |       |       |       |    17 |    67 ||    84
  Throw: Dart              |       |     1 |     3 |       |       ||     4
   Cast: Beastly Appendage |    20 |    22 |    40 |     1 |       ||    83
         Wereblood         |     2 |     8 |    18 |    23 |    11 ||    62
         Ice Form          |       |       |    22 |    39 |    42 ||   103
 Invoke: Bend Time         |       |       |       |     2 |     2 ||     4
         Slouch            |       |       |       |       |     3 ||     3
Ability: End Transformatio |       |       |       |     3 |     9 ||    12
  Evoke: Wand              |       |       |     1 |     3 |    15 ||    19
    Use: Scroll            |     8 |     2 |    10 |     4 |     9 ||    33
         Potion            |       |     1 |     4 |     9 |     3 ||    17
   Stab: Sleeping          |     3 |     5 |     6 |       |     4 ||    18
         Invisible         |       |       |       |     2 |       ||     2
 Armour: Skin              |     2 |     2 |    41 |    79 |    61 ||   185
  Dodge: Dodged            |    37 |    36 |   141 |   378 |   256 ||   848
  Block: Other             |       |       |       |    18 |       ||    18

Table legend: (Time is in decaauts)
 A = Elapsed time spent in this place.
 B = Non-inter-level travel time spent in this place.
 C = Inter-level travel time spent in this place.
 D = Time resting spent in this place.
 E = Time spent auto-exploring this place.
 F = Levels seen in this place.
 G = Mean time per level.
                   A        B        C        D        E       F      G
               +--------+--------+--------+--------+--------+-----+--------+
         Total |  29979 |  27159 |   2820 |   7409 |  14861 |  19 | 1577.8 |
       Dungeon |  17073 |  15014 |   2059 |   4576 |   7937 |  10 | 1707.3 |
        Temple |    182 |    163 |     19 |      0 |    147 |   1 |  182.0 |
          Lair |   9697 |   8955 |    742 |   1795 |   5687 |   5 | 1939.4 |
       Ossuary |    816 |    816 |      0 |    554 |    135 |   1 |  816.0 |
        Bailey |   1016 |   1016 |      0 |    243 |    294 |   1 | 1016.0 |
      Gauntlet |   1192 |   1192 |      0 |    240 |    660 |   1 | 1192.0 |
               +--------+--------+--------+--------+--------+-----+--------+

Top non-repeatable levels by time:
  Lair:4: 3251 daAuts
     D:9: 2694 daAuts
     D:5: 2547 daAuts
     D:6: 2461 daAuts
     D:8: 2382 daAuts
  Lair:1: 2184 daAuts
  Lair:3: 2175 daAuts
  Lair:2: 1850 daAuts
     D:1: 1341 daAuts
    D:10: 1286 daAuts
     D:2: 1280 daAuts
     D:4: 1244 daAuts
Gauntlet: 1192 daAuts
     D:7: 1137 daAuts
  Bailey: 1016 daAuts
